TOP OF THE 1ST |
Boston Rebels batting - Pitching for Irvine Gang Green : LHP Terry Klassen
|
Pitching: LHP Terry Klassen
|
|
Batting: LHB Bill Wilson
|
0-0: Fly out, F5 (Popup, 5F)
|
Batting: RHB Rob Whitley
|
0-0: Ball 1-0: Called Strike 1-1: Swinging Strike 1-2: Foul Ball, location: 2F 1-2: Ball 2-2: Ball 3-2: DOUBLE (Flyball, 8RXD)
|
Batting: SHB Álex Rosado
|
0-0: Fly out, F7 (Flyball, 7D) Runner from 2nd tags up, SAFE at 3rd, no throw
|
Batting: SHB Javier Villegas
|
0-0: Swinging Strike 0-1: SINGLE (Line Drive, 6MD) Rob Whitley scores
|
Batting: RHB Wilson Gómez
|
0-0: Ball 1-0: Ball 2-0: Foul Ball, location: 2F 2-1: Ground out 5-3 (Groundball, 5)
|
Top of the 1st over - 1 run(s), 2 hit(s), 0 error(s), 1 left on base; Boston 1 - Irvine 0 |
BOTTOM OF THE 1ST |
Irvine Gang Green batting - Pitching for Boston Rebels : LHP Dave Huot
|
Pitching: LHP Dave Huot
|
|
Batting: RHB Mario Beltrán
|
0-0: SOLO HOME RUN (Line Drive, 7LD), Distance : 367 ft
|
Batting: LHB Leonardo Medina
|
0-0: Foul Ball, location: 2F 0-1: Ball 1-1: Ball 2-1: TRIPLE (Flyball, 9LD)
|
Batting: LHB Víctor Quiñones
|
0-0: Called Strike 0-1: Foul Ball, location: 2F 0-2: Foul Ball, location: 2F 0-2: Foul Ball, location: 2F 0-2: Ball 1-2: Ball 2-2: Fly out, F8 (Flyball, 8RD) Runner from 3rd tags up, SCORES, no throw
|
Batting: LHB Bill Murphy
|
0-0: Foul Ball, location: 2F 0-1: Fly out, F6 (Popup, 6M)
|
Batting: SHB Cristo Ontiveros
|
0-0: Called Strike 0-1: Foul Ball, location: 2F 0-2: Ball 1-2: Strikes out looking
|
Bottom of the 1st over - 2 run(s), 2 hit(s), 0 error(s), 0 left on base; Boston 1 - Irvine 2 |
TOP OF THE 2ND |
Boston Rebels batting - Pitching for Irvine Gang Green : LHP Terry Klassen
|
Batting: LHB Stanley Mullins
|
0-0: Ball 1-0: Foul Ball, location: 2F 1-1: Ground out U3 (Groundball, 3S)
|
Batting: LHB Bill Wilson
|
0-0: Foul Ball, location: 2F 0-1: Called Strike 0-2: Ball 1-2: Fly out, F8 (Flyball, 8LM)
|
Batting: RHB Ronnie Brown
|
0-0: Foul Ball, location: 2F 0-1: Swinging Strike 0-2: Ball 1-2: Strikes out swinging
|
Top of the 2nd over - 0 run(s), 0 hit(s), 0 error(s), 0 left on base; Boston 1 - Irvine 2 |
BOTTOM OF THE 2ND |
Irvine Gang Green batting - Pitching for Boston Rebels : LHP Dave Huot
|
Batting: RHB Luis Barzaga
|
0-0: Ball 1-0: Foul Ball, location: 2F 1-1: Ball 2-1: Bunted foul 2-2: Ball 3-2: SINGLE (Groundball, 56D)
|
Batting: LHB Tom Baker
|
0-0: Foul Ball, location: 2F 0-1: Ball 1-1: Ball 2-1: Fielders Choice at 2nd, 3-6 (Groundball, 3)
|
Batting: RHB John Pick
|
0-0: Ball 1-0: Called Strike 1-1: Ball 2-1: Ball 3-1: Foul Ball, location: 2F 3-2: Foul Ball, location: 2F 3-2: DOUBLE (Line Drive, 78D) Tom Baker to third
|
Batting: RHB José García
|
0-0: Ball 1-0: Ball 2-0: 3-RUN HOME RUN (Flyball, 78XD), Distance : 416 ft
|
Batting: RHB Mario Beltrán
|
0-0: Ball 1-0: Foul Ball, location: 2F 1-1: Fly out, F7 (Flyball, 7LM)
|
Batting: LHB Leonardo Medina
|
0-0: Ball 1-0: SINGLE (Groundball, 4M)
|
Batting: LHB Víctor Quiñones
|
0-0: Ball 1-0: Fly out, F9 (Line Drive, 9M)
|
Bottom of the 2nd over - 3 run(s), 4 hit(s), 0 error(s), 1 left on base; Boston 1 - Irvine 5 |
TOP OF THE 3RD |
Boston Rebels batting - Pitching for Irvine Gang Green : LHP Terry Klassen
|
Batting: LHB Tony Ramírez
|
0-0: Called Strike 0-1: Called Strike 0-2: Ball 1-2: Ball 2-2: Strikes out swinging
|
Batting: LHB Bill Wilson
|
0-0: Ball 1-0: Swinging Strike 1-1: Foul Ball, location: 2F 1-2: Foul Ball, location: 2F 1-2: Foul Ball, location: 2F 1-2: Foul Ball, location: 2F 1-2: Ground out 1-3 (Groundball, 23)
|
Batting: RHB Rob Whitley
|
0-0: Foul Ball, location: 2F 0-1: Ball 1-1: Ball 2-1: Called Strike 2-2: Reached on error, E5 (Groundball, 56)
|
Batting: SHB Álex Rosado
|
0-0: Ground out 5-3 (Groundball, 5)
|
Top of the 3rd over - 0 run(s), 0 hit(s), 1 error(s), 1 left on base; Boston 1 - Irvine 5 |
BOTTOM OF THE 3RD |
Irvine Gang Green batting - Pitching for Boston Rebels : LHP Dave Huot
|
Batting: LHB Bill Murphy
|
0-0: Foul Ball, location: 2F 0-1: Ground out 4-3 (Groundball, 4)
|
Batting: SHB Cristo Ontiveros
|
0-0: Called Strike 0-1: Ball 1-1: Ball 2-1: Swinging Strike 2-2: Strikes out swinging
|
Batting: RHB Luis Barzaga
|
0-0: Called Strike 0-1: TRIPLE (Flyball, 78D)
|
Batting: LHB Tom Baker
|
0-0: SINGLE (Line Drive, 34) Luis Barzaga scores
|
Batting: RHB John Pick
|
0-0: Called Strike 0-1: Ball 1-1: Fly out, F4 (Popup, 3F)
|
Bottom of the 3rd over - 1 run(s), 2 hit(s), 0 error(s), 1 left on base; Boston 1 - Irvine 6 |
TOP OF THE 4TH |
Boston Rebels batting - Pitching for Irvine Gang Green : LHP Terry Klassen
|
Batting: SHB Javier Villegas
|
0-0: Called Strike 0-1: Swinging Strike 0-2: Foul Ball, location: 2F 0-2: Ball 1-2: Foul Ball, location: 2F 1-2: Ball 2-2: Foul Ball, location: 2F 2-2: Ground out 5-3 (Groundball, 5)
|
Pitching: RHP António Mata
|
|
Batting: RHB Wilson Gómez
|
0-0: Ball 1-0: Ground out 5-3 (Groundball, 5S)
|
Batting: LHB Stanley Mullins
|
0-0: Ground out 6-3 (Groundball, 6)
|
Top of the 4th over - 0 run(s), 0 hit(s), 0 error(s), 0 left on base; Boston 1 - Irvine 6 |
BOTTOM OF THE 4TH |
Irvine Gang Green batting - Pitching for Boston Rebels : LHP Dave Huot
|
Batting: RHB José García
|
0-0: Ball 1-0: Fly out, F3 (Popup, 34)
|
Batting: RHB Mario Beltrán
|
0-0: Called Strike 0-1: Fly out, F9 (Line Drive, 89S)
|
Batting: LHB Leonardo Medina
|
0-0: Ball 1-0: Ball 2-0: Ball 3-0: Called Strike 3-1: Base on Balls
|
Batting: LHB Víctor Quiñones
|
0-0: Called Strike Leonardo Medina steals 2nd base 0-1: Ball 1-1: Ball 2-1: Called Strike 2-2: Foul Ball, location: 2F 2-2: Ball 3-2: DOUBLE (Line Drive, 9D) Leonardo Medina scores
|
Pitching: RHP Chad Field
|
|
Batting: LHB Bill Murphy
|
0-0: Ball 1-0: Ball 2-0: Ball 3-0: Base on Balls
|
Batting: SHB Cristo Ontiveros
|
0-0: Called Strike 0-1: SINGLE (Groundball, 34D) Víctor Quiñones to third Bill Murphy to second Runner from 3rd tries for Home, SAFE, no throw or cutoff
|
Batting: RHB Luis Barzaga
|
0-0: Called Strike 0-1: Called Strike 0-2: Ball 1-2: Hit by Pitch Bill Murphy to third Cristo Ontiveros to second
|
Batting: LHB Tom Baker
|
0-0: Fielders Choice at 2nd, 5-4 (Groundball, 5)
|
Bottom of the 4th over - 2 run(s), 2 hit(s), 0 error(s), 2 left on base; Boston 1 - Irvine 8 |
TOP OF THE 5TH |
Boston Rebels batting - Pitching for Irvine Gang Green : RHP António Mata
|
Batting: LHB Bill Wilson
|
0-0: SOLO HOME RUN (Line Drive, 9D), Distance : 399 ft
|
Batting: RHB Ronnie Brown
|
0-0: Ground out 4-3 (Groundball, 4M)
|
Batting: LHB Tony Ramírez
|
0-0: SINGLE (Groundball, 6MD)
|
Batting: LHB Bill Wilson
|
0-0: Foul Ball, location: 2F 0-1: Foul Ball, location: 2F 0-2: Ball 1-2: Strikes out swinging
|
Batting: RHB Rob Whitley
|
0-0: Called Strike 0-1: Called Strike 0-2: SINGLE (Groundball, 56) Tony Ramírez to second
|
Batting: SHB Álex Rosado
|
0-0: Ground out 1-3 (Groundball, 13S)
|
Top of the 5th over - 1 run(s), 3 hit(s), 0 error(s), 2 left on base; Boston 2 - Irvine 8 |
BOTTOM OF THE 5TH |
Irvine Gang Green batting - Pitching for Boston Rebels : RHP Chad Field
|
Batting: RHB John Pick
|
0-0: Reached on error, E1 (Groundball, 15)
|
Batting: RHB José García
|
0-0: Called Strike John Pick is caught stealing 2nd base 0-1: Foul Ball, location: 2F 0-2: Ball 1-2: Ball 2-2: Foul Ball, location: 2F 2-2: Foul Ball, location: 2F 2-2: Foul Ball, location: 2F 2-2: Ball 3-2: SINGLE (Groundball, 6MD)
|
Batting: RHB Mario Beltrán
|
0-0: Foul Ball, location: 2F 0-1: Ball 1-1: Grounds into double play, 4-6-3 (Groundball, 4M)
|
Bottom of the 5th over - 0 run(s), 1 hit(s), 1 error(s), 0 left on base; Boston 2 - Irvine 8 |
TOP OF THE 6TH |
Boston Rebels batting - Pitching for Irvine Gang Green : RHP António Mata
|
Batting: SHB Javier Villegas
|
0-0: Called Strike 0-1: Ball 1-1: Called Strike 1-2: Strikes out swinging
|
Batting: RHB Wilson Gómez
|
0-0: Reached on Error, E9 (Flyball, 9S)
|
Batting: LHB Stanley Mullins
|
0-0: Ball 1-0: Swinging Strike 1-1: Fielders Choice at 2nd, 6-4 (Groundball, 6)
|
Batting: LHB Bill Wilson
|
0-0: Called Strike 0-1: DOUBLE (Line Drive, 78D) Stanley Mullins to third Runner from 3rd tries for Home, throw and OUT!
|
Top of the 6th over - 0 run(s), 1 hit(s), 1 error(s), 1 left on base; Boston 2 - Irvine 8 |
BOTTOM OF THE 6TH |
Irvine Gang Green batting - Pitching for Boston Rebels : RHP Chad Field
|
Pinch Hitting: LHB Jesús Campos
|
0-0: Called Strike 0-1: Ball 1-1: Swinging Strike 1-2: Ball 2-2: Foul Ball, location: 2F 2-2: Ball 3-2: Strikes out swinging
|
Pinch Hitting: LHB Lorenzo Quintanilla
|
0-0: Called Strike 0-1: Called Strike 0-2: Ball 1-2: Ball 2-2: Ball 3-2: Foul Ball, location: 2F 3-2: Base on Balls
|
Pinch Hitting: RHB Buck Jones
|
0-0: Ball 1-0: Fly out, F6 (Line Drive, 6M)
|
Pinch Hitting: RHB José Salazar
|
0-0: Called Strike 0-1: Ball 1-1: Foul Ball, location: 2F 1-2: Foul Ball, location: 2F 1-2: Strikes out swinging
|
Bottom of the 6th over - 0 run(s), 0 hit(s), 0 error(s), 1 left on base; Boston 2 - Irvine 8 |
TOP OF THE 7TH |
Boston Rebels batting - Pitching for Irvine Gang Green : RHP António Mata
|
Pitching: LHP José Gómez
|
|
Now at 1B: Buck Jones
|
|
Now at SS: José Salazar
|
|
Now in LF: Lorenzo Quintanilla
|
|
Now in RF: Jesús Campos
|
|
Batting: RHB Ronnie Brown
|
0-0: Ball 1-0: Foul Ball, location: 2F 1-1: Fly out, F3 (Popup, 3F)
|
Batting: LHB Tony Ramírez
|
0-0: Ground out 4-3 (Groundball, 4)
|
Batting: LHB Bill Wilson
|
0-0: Ball 1-0: Ball 2-0: Foul Ball, location: 2F 2-1: Ground out 1-3 (Groundball, 13)
|
Top of the 7th over - 0 run(s), 0 hit(s), 0 error(s), 0 left on base; Boston 2 - Irvine 8 |
BOTTOM OF THE 7TH |
Irvine Gang Green batting - Pitching for Boston Rebels : RHP Chad Field
|
Pitching: RHP Jonathan Booker
|
|
Batting: LHB Tony Tavárez
|
0-0: Called Strike 0-1: Foul Ball, location: 2F 0-2: Ball 1-2: Foul Ball, location: 2F 1-2: Strikes out swinging
|
Pinch Hitting: LHB Fernando Camacho
|
0-0: Ball 1-0: Called Strike 1-1: Swinging Strike 1-2: Ground out U3 (Groundball, 3)
|
Pinch Hitting: RHB Pepe González
|
0-0: Swinging Strike 0-1: Ball 1-1: Ball 2-1: Swinging Strike 2-2: Foul Ball, location: 2F 2-2: Ground out 5-3 (Groundball, 5)
|
Bottom of the 7th over - 0 run(s), 0 hit(s), 0 error(s), 0 left on base; Boston 2 - Irvine 8 |
TOP OF THE 8TH |
Boston Rebels batting - Pitching for Irvine Gang Green : LHP José Gómez
|
Now at 1B: Fernando Camacho
|
|
Now at SS: Pepe González
|
|
Batting: RHB Rob Whitley
|
0-0: Ball 1-0: Ball 2-0: Ball 3-0: Called Strike 3-1: Called Strike 3-2: Base on Balls
|
Batting: SHB Álex Rosado
|
0-0: Called Strike 0-1: Fielders Choice at 2nd, U6 (Groundball, 6M)
|
Pinch Hitting: RHB Salvador Gonzáles
|
0-0: Ball 1-0: Swinging Strike 1-1: Ball 2-1: DOUBLE (Line Drive, 8LXD) Álex Rosado to third
|
Pinch Hitting: LHB Lorenzo Flores
|
0-0: Called Strike 0-1: Ball 1-1: Ball 2-1: Swinging Strike 2-2: Foul Ball, location: 2F 2-2: Strikes out swinging
|
Batting: RHB Rafael Canales
|
0-0: Called Strike 0-1: Ground out 1-3 (Groundball, 15)
|
Top of the 8th over - 0 run(s), 1 hit(s), 0 error(s), 2 left on base; Boston 2 - Irvine 8 |
BOTTOM OF THE 8TH |
Irvine Gang Green batting - Pitching for Boston Rebels : RHP Jonathan Booker
|
Now at 1B: Lorenzo Flores
|
|
Now at 2B: Felipe Olivas
|
|
Pinch Hitting: LHB José Villegas
|
0-0: Ball 1-0: DOUBLE (Line Drive, 9LM) - OUT at third base trying to stretch hit.
|
Batting: RHB Mario Beltrán
|
0-0: Ball 1-0: Ball 2-0: Ground out 5-3 (Groundball, 5)
|
Batting: LHB Jesús Campos
|
0-0: Ground out 4-3 (Groundball, 4M)
|
Bottom of the 8th over - 0 run(s), 1 hit(s), 0 error(s), 0 left on base; Boston 2 - Irvine 8 |
TOP OF THE 9TH |
Boston Rebels batting - Pitching for Irvine Gang Green : LHP José Gómez
|
Now at 2B: Aaron Wilson
|
|
Pinch Hitting: RHB Clancy Booker
|
0-0: Ball 1-0: Ground out 1-3 (Groundball, 15)
|
Batting: RHB Ronnie Brown
|
0-0: Ball 1-0: Ground out 6-3 (Groundball, 6)
|
Pinch Hitting: RHB Rubén Matos
|
0-0: Called Strike 0-1: Ball 1-1: Foul Ball, location: 2F 1-2: Fly out, F9 (Popup, 89S)
|
Top of the 9th over - 0 run(s), 0 hit(s), 0 error(s), 0 left on base; Boston 2 - Irvine 8 |
|